 Dungeon Crawl Stone Soup version 0.25-a0-435-g4b9beb1024 (webtiles) character file.

Game seed: 13769417620115211373, levelgen mode: deterministic

2520 Elellon the Thaumaturge (level 9, -3/45 HPs)
             Began as a Deep Elf Conjurer on Jan 27, 2020.
             Was an Initiate of Vehumet.
             Shot with a sling bullet by Joseph (11 damage)
             ... on level 7 of the Dungeon.
             The game lasted 00:13:49 (11255 turns).

Elellon the Thaumaturge (Deep Elf Conjurer)        Turns: 11255, Time: 00:13:49

Health: -3/45      AC:  3    Str:  7    XL:     9   Next: 29%
Magic:  23/25      EV: 28    Int: 22    God:    Vehumet [......]
Gold:   232        SH:  5    Dex: 15    Spells: 22/29 levels left

rFire    . . .     SeeInvis .   o - +0 dagger
rCold    . . .     Gourm    .   p - +0 buckler
rNeg     . . .     Faith    .   a - +0 robe
rPois    .         Spirit   .   (no helmet)
rElec    .         Reflect  .   m - +0 cloak
rCorr    .         Harm     .   (no gloves)
MR       .....                  (no boots)
Stlth    ++........             y - amulet of the acrobat
HPRegen  0.15/turn              (no ring)
MPRegen  0.19/turn              (no ring)

@: acrobat
A: no striking features
a: Renounce Religion


You were on level 7 of the Dungeon.
You worshipped Vehumet.
Vehumet was noncommittal.
You were hungry.

You visited 2 branches of the dungeon, and saw 8 of its levels.
You also visited: Sewer.

You collected 328 gold pieces.
You spent 96 gold pieces at shops.

Inventory:

Hand Weapons
 o - a +0 dagger (weapon)
Armour
 a - a +0 robe (worn)
 m - a +0 cloak (worn)
 p - a +0 buckler (worn)
Jewellery
 u - a cursed -2 ring of intelligence {unknown}
 y - an amulet of the acrobat (around neck)
Wands
 l - a wand of paralysis (7)
 q - a wand of polymorph (19)
 A - a wand of flame (13)
Scrolls
 b - a scroll of magic mapping {unknown}
 d - 2 scrolls of noise {unknown}
 f - 3 scrolls of remove curse
 j - a scroll of teleportation {unknown}
 n - 4 scrolls of enchant weapon {unknown}
 r - a scroll of amnesia {unknown}
 s - a scroll of fear {unknown}
 w - 6 scrolls of identify
 z - a scroll of blinking {unknown}
 D - 2 scrolls of fog {unknown}
 F - a scroll of immolation {unknown}
Potions
 e - a potion of might {unknown}
 g - 3 potions of heal wounds {unknown}
 h - 8 potions of curing
 i - 2 potions of mutation {unknown}
 k - a potion of magic {unknown}
 t - a potion of invisibility {unknown}
 v - 3 potions of flight {unknown}
 x - 2 potions of agility {unknown}
 B - a potion of brilliance
 C - a potion of lignification {unknown}
 E - a potion of haste {unknown}
 G - a potion of ambrosia {unknown}
Comestibles
 c - 17 rations


   Skills:
 - Level 2.4 Dodging
 - Level 2.4 Stealth
 - Level 4.0 Shields
 + Level 10.9 Spellcasting
 + Level 10.0 Conjurations


You had 22 spell levels left.
You knew the following spells:

 Your Spells              Type           Power        Failure   Level  Hunger
a - Magic Dart            Conj           ####         1%          1    None
b - Searing Ray           Conj           ######       1%          2    None
c - Iskenderun's Mystic   Conj/Tloc      ####....     7%          4    #......

Your spell library contained the following spells:

 Spells                   Type           Power        Failure   Level  Hunger
 Dazzling Flash           Conj/Hex       ####..       2%          3    None
 Animate Skeleton         Necr           N/A          5%          1    None
 Apportation              Tloc           ##....       5%          1    None
 Corona                   Hex            ##.....      5%          1    None
 Freeze                   Ice            ##..         5%          1    None
 Summon Small Mammal      Summ           ##..         5%          1    None
 Fulminant Prism          Conj/Hex       ####......   7%          4    #......
 Hailstorm                Conj/Ice       ####....     7%          4    #......
 Call Imp                 Summ           ##......     9%          2    None
 Slow                     Hex            ##......     9%          2    None
 Call Canine Familiar     Summ           ##......     17%         3    None
 Inner Flame              Hex/Fire       ##......     17%         3    None
 Ozocubu's Armour         Chrm/Ice       ##......     17%         3    None
 Portal Projectile        Hex/Tloc       ##....       17%         3    None
 Summon Guardian Golem    Hex/Summ       ##......     17%         3    None
 Cause Fear               Hex            ##........   50%         4    #......
 Leda's Liquefaction      Hex/Erth       ##........   50%         4    #......
 Summon Ice Beast         Ice/Summ       ##......     50%         4    #......
 Summon Lightning Spire   Summ/Air       ##......     50%         4    #......


Dungeon Overview and Level Annotations

Branches:
Dungeon (7/15)             Temple (1/1) D:6           Sewer (visited)

Altars:
Elyvilon
Fedhas
Makhleb
Okawaru
Ru
Sif Muna
Trog
Uskayaw
Vehumet
Wu Jian
Xom
Yredelemnul
Zin
The Shining One

Shops:
D:5 !

Annotations:
D:7 Joseph


Message History

The sling bullet closely misses you.
The searing ray hits Joseph!
Joseph is moderately wounded.
Joseph shoots a sling bullet.
The sling bullet hits you!
* * * LOW HITPOINT WARNING * * *
The sling bullet burns you!
* * * LOW HITPOINT WARNING * * *
The searing ray hits Joseph!
Joseph is moderately wounded.
You finish channeling your searing ray.
Joseph shoots a sling bullet.
You block the sling bullet.
Casting: Searing Ray (safe; 1% risk of failure)
Confirm with . or Enter, or press ? or * to list all spells.
You can't see any susceptible monsters within range! (Use Z to cast anyway.)
You see here 16 sling bullets.
Joseph zaps a wand.
You easily resist.
Joseph shoots a sling bullet.
The sling bullet completely misses you.
You are feeling hungry.
Joseph shoots a sling bullet.
The sling bullet hits you!
You die...

####...## ##..
#....### ##..
##..###
#######...
#..##
##>@..(@...
#..#
#(.#####>..
#..# ##.##
##(. #..##
#..# ##.(.
#...######@##
##..##
####..@......#
##..##
#...<.......##
#..##
#.........###
##.##
######...##
#..# ##..#
#..# #..# #@.#
# ##.## ##..#
# #..#####..##
# #.........#
#


You could see Joseph.

Vanquished Creatures
  Prince Ribbit (D:6)
  A hippogriff (D:4)
  An orc warrior (D:6)
  A sky beast (D:5)
  An ogre (D:4)
  5 phantoms
  A crocodile (Sewer)
  3 bullfrogs
  A scorpion (D:6)
  A howler monkey (D:7)
  5 wights (D:6)
  A bullfrog zombie (D:7)
  An orc priest (D:4)
  2 hounds
  3 bullfrog skeletons
  Terence (D:2)
  3 iguanas (D:4)
  An orc wizard (D:5)
  8 worker ants
  A hound skeleton (D:5)
  2 worker ant zombies
  Robin (D:2)
  4 gnolls
  A howler monkey skeleton (D:5)
  11 adders
  2 shadow imps (D:6)
  An ooze (D:7)
  3 worms
  3 dart slugs
  8 leopard geckos
  17 orcs
  2 ball pythons (D:6)
  12 bats
  4 giant cockroaches
  9 goblins
  7 hobgoblins
  19 jackals
  5 quokkas
  5 frilled lizards
  7 kobolds
  24 rats
189 creatures vanquished.

Notes
Turn   | Place    | Note
-------+----------+-------------------------------------------
     0 | D:1      | Elellon the Deep Elf Conjurer began the quest for the Orb.
     0 | D:1      | Reached XP level 1. HP: 10/10 MP: 6/6
   464 | D:1      | Reached XP level 2. HP: 15/15 MP: 5/8
   911 | D:1      | Reached skill level 5 in Conjurations
   911 | D:1      | Reached XP level 3. HP: 3/19 MP: 2/10
  1481 | D:2      | Found an ornate altar of the Wu Jian Council.
  2241 | D:2      | Learned a level 2 spell: Searing Ray
  2416 | D:2      | Noticed Terence
  2420 | D:2      | Killed Terence
  2420 | D:2      | Reached XP level 4. HP: 24/24 MP: 7/12
  2480 | D:2      | Reached skill level 1 in Shields
  2489 | D:2      | Noticed Robin
  2573 | D:2      | Killed Robin
  2573 | D:2      | Reached skill level 5 in Spellcasting
  3094 | D:3      | Reached XP level 5. HP: 28/28 MP: 11/14
  4274 | D:4      | Noticed a phantom
  4284 | D:4      | Killed a phantom
  4284 | D:4      | Reached XP level 6. HP: 15/32 MP: 2/16
  4913 | D:4      | Found a white marble altar of Elyvilon.
  5410 | D:4      | Reached XP level 7. HP: 30/36 MP: 10/18
  6240 | D:4      | Noticed a hippogriff
  6248 | D:4      | Killed a hippogriff
  6859 | D:5      | Entered Level 5 of the Dungeon
  7354 | D:5      | Reached XP level 8. HP: 41/41 MP: 14/21
  7779 | D:5      | Found a white marble altar of Elyvilon.
  7932 | D:5      | Found Vuetzerr's Distillery.
  7935 | D:5      | Bought a potion of curing for 36 gold pieces
  7935 | D:5      | Bought a potion of degeneration for 12 gold pieces
  7935 | D:5      | Bought a potion of brilliance for 48 gold pieces
  8107 | D:6      | Noticed Prince Ribbit
  8112 | D:6      | Killed Prince Ribbit
  8774 | D:6      | Found a glowing drain.
  8783 | Sewer    | Entered a sewer
  8917 | Sewer    | Learned a level 4 spell: Iskenderun's Mystic Blast
  9191 | D:6      | Found a staircase to the Ecumenical Temple.
  9225 | Temple   | Entered the Ecumenical Temple
  9495 | D:6      | Found a sacrificial altar of Ru.
  9508 | D:6      | Reached skill level 10 in Spellcasting
  9613 | D:6      | Reached XP level 9. HP: 45/45 MP: 15/25
  9812 | D:6      | Found a radiant altar of Vehumet.
  9906 | D:6      | Became a worshipper of Vehumet
 10637 | D:7      | Noticed Joseph
 11169 | D:7      | Reached skill level 10 in Conjurations
 11255 | D:7      | Shot with a sling bullet by Joseph

Levels and vault maps discovered:
D:1:      roderic_crossed_star, layout_rooms, minmay_rat_gold_closets
D:2:      layout_basic, lemuel_coloured_pillars_altar, minmay_tree_intersection,
          uniq_robin, uniq_terence
D:3:      layout_rooms, serial_co_window_serial, co_window_corner_a,
          co_window_paths_a, co_window_corner_a, co_window_corner_a,
          co_window_corner_a, co_window_of_opportunity_b, co_window_broadway_c,
          co_window_unsneaky_path_c, co_window_cross_2, co_window_broadway_b,
          co_window_4corner_b, glass_columns_b, glass_columns_a,
          glass_columns_a, glass_columns_a, nrook_mini_backslash
D:4:      minmay_opposing_rooms, layout_basic, kennysheep_mini_moat,
          first_ration
D:5:      layout_cave_pools, serial_shops, nicolae_shop_window_shopping,
          elyvilon_altar_5
D:6:      minmay_evil_eye, layout_basic, marbit_many_paths, temple_pool_b,
          portal_sewer_entry_a, st_stairs_10, minmay_ruined_shrine,
          uniq_prince_ribbit1
D:7:      layout_layer_cave, chequers_serial_rivers_marsh, uniq_joseph
Temple:   jpeg_temple_alley_garden

Skill      XL: |  1  2  3  4  5  6  7  8  9 |
---------------+----------------------------+-----
Spellcasting   | 4 5 6 7 10 | 10.9
Conjurations   | 5 6 7 9 10 | 10.0
Shields        | 1 2 3 4 |  4.0
Dodging        | |  2.4
Stealth        | |  2.4

Action                   |  1- 3 |  4- 6 |  7- 9 || total
-------------------------+-------+-------+-------++-------
 Cast: Magic Dart        |    89 |    72 |   135 ||   296
       Searing Ray       |     1 |    15 |    56 ||    72
  Use: Scroll            |       |       |     4 ||     4
  Eat: Chunk             |     3 |    10 |    14 ||    27
       Ration            |       |       |     1 ||     1
Armor: Robe              |       |     4 |     5 ||     9
Dodge: Dodged            |    11 |    13 |    27 ||    51
Block: Buckler           |       |     4 |     3 ||     7

Table legend:
 A = Non-vault XP
 B = Vault XP
 C = Vault XP percentage of total XP
 D = Non-vault monster count
 E = Vault monster count
 F = Vault count percentage of total count
                 A         B        C        D         E       F
            +---------+---------+-------+---------+---------+-------
      Total |    2749 |     851 |  23.6 |     143 |      46 |  24.3
            +---------+---------+-------+---------+---------+-------
        D:1 |      51 |      10 |  16.4 |      21 |      10 |  32.3
        D:2 |      69 |      63 |  47.7 |      20 |       7 |  25.9
        D:3 |      99 |       0 |   0.0 |      23 |       0 |   0.0
        D:4 |     819 |     122 |  13.0 |      27 |       8 |  22.9
        D:5 |     355 |       0 |   0.0 |      23 |       0 |   0.0
        D:6 |     819 |     538 |  39.6 |      20 |      15 |  42.9
        D:7 |     537 |       0 |   0.0 |       9 |       0 |   0.0
      Sewer |       0 |     118 | 100.0 |       0 |       6 | 100.0
            +---------+---------+-------+---------+---------+-------
